[Event "Wch u20 girls"]
[Site "Kocaeli"]
[Date "2013.09.22"]
[Round "9.22"]
[White "De Seroux, Camille"]
[Black "Juhasz, Barbara"]
[Result "1-0"]
[ECO "C45"]
[WhiteElo "2108"]
[BlackElo "2131"]
[PlyCount "85"]
[EventDate "2013.09.??"]
[EventType "swiss"]
[EventRounds "13"]
[EventCountry "TUR"]
[Source "CBase R.Goldau"]
[SourceDate "2000.03.01"]
[TimeControl "40/5400+30:1800+30"]

1. e4 e5 2. Nf3 Nc6 3. d4 exd4 4. Nxd4 Bc5 5. Nb3 Bb6 6. Nc3 d6 7. Qe2 Nge7 8. Be3 O-O 9.
O-O-O f5 10. exf5 Nxf5 11. Bxb6 axb6 12. Re1 Kh8 13. Qd2 Na5 14. Nxa5 bxa5 15. f4 c6 16. g4 Nh6 17. h3 d5 18. f5 Nf7 19.
Bd3 Nd6 20. Rhf1 Qh4 21. Qf4 Nf7 22. Qc7 Qd8 23. Re7 Qxc7 24. Rxc7 Nd6 25. Re1 Ne8 26. Rce7 Nf6 27. Na4 h6 28. Nb6 Rb8 29. Rc7 Ng8 30. Kd2 h5 31.
Re5 hxg4 32. hxg4 Nf6 33. Ree7 Rd8 34. Rxg7 Ne8 35. Rh7+ Kg8 36. Rce7 c5 37. b3 Nf6 38. Rhg7+ Kh8 39. Ke3 Rd6 40. Nxc8 Rxc8 41. g5 c4 42. gxf6 cxd3 43. Rh7+ 1-0

[Event "Wch u20 girls"]
[Site "Kocaeli"]
[Date "2013.09.22"]
[Round "9.23"]
[White "Ivana Maria, Furtado"]
[Black "Savant, Riya"]
[Result "1-0"]
[ECO "E08"]
[WhiteElo "2116"]
[BlackElo "1960"]
[PlyCount "67"]
[EventDate "2013.09.??"]
[EventType "swiss"]
[EventRounds "13"]
[EventCountry "TUR"]
[Source "CBase R.Goldau"]
[SourceDate "2000.03.01"]
[TimeControl "40/5400+30:1800+30"]

1. d4 Nf6 2. c4 e6 3. Nf3 d5 4. g3 Be7 5. Bg2 O-O 6. O-O c6 7. Qc2 b6 8. b3 Bb7 9. Nc3 Nbd7 10. Bb2 Rc8 11. Rfd1 Qc7 12. Rac1 Qb8 13. Qb1 Rfd8 14. e4 dxe4 15. Nxe4 c5 16.
Ne5 cxd4 17. Nxd7 Rxd7 18. Rxd4 Rxd4 19. Bxd4 Nxe4 20. Bxe4 Bxe4 21. Qxe4 Qd6 22. Qg4 Bf8 23. Rd1 Qa3 24. Be5 Qxa2 25. Qf3 Qa5 26. Qb7 Qc5 27. Bf4 e5 28. Bxe5 Re8 29. Bc3 Re2 30. Qf3 Re8 31. Rd7 Re7 32. Rd8 f6 33. Qd5+ Qxd5 34. cxd5 1-0

[Event "Wch u20 girls"]
[Site "Kocaeli"]
[Date "2013.09.22"]
[Round "9.25"]
[White "Guney, Gamze Nur"]
[Black "Anu, Bayar"]
[Result "0-1"]
[ECO "E73"]
[WhiteElo "1731"]
[BlackElo "2012"]
[PlyCount "40"]
[EventDate "2013.09.??"]
[EventType "swiss"]
[EventRounds "13"]
[EventCountry "TUR"]
[Source "CBase R.Goldau"]
[SourceDate "2000.03.01"]
[TimeControl "40/5400+30:1800+30"]

1. d4 Nf6 2. c4 g6 3. Nc3 Bg7 4. e4 d6 5. Be2 O-O 6. Be3 Nbd7 7. h3 e5 8. d5 Nc5 9. Qc2 Bd7 10. b4 Ncxe4 11. Nxe4 Nxe4 12. c5 f5 13. Rd1 a5 14. c6 bxc6 15. dxc6 Be6 16. b5 d5 17. Nf3 d4 18. Bc4 Qe7 19. Bg5 Nxg5 20.
Nxg5 Qb4+ 0-1

[Event "Wch u20 girls"]
[Site "Kocaeli"]
[Date "2013.09.22"]
[Round "9.26"]
[White "Krumova, Ani"]
[Black "Ichimura G Barbosa, Larissa Y"]
[Result "1/2-1/2"]
[ECO "B08"]
[WhiteElo "1993"]
[BlackElo "1868"]
[PlyCount "107"]
[EventDate "2013.09.??"]
[EventType "swiss"]
[EventRounds "13"]
[EventCountry "TUR"]
[Source "CBase R.Goldau"]
[SourceDate "2000.03.01"]
[TimeControl "40/5400+30:1800+30"]

1. d4 Nf6 2. Nf3 g6 3. Nc3 Bg7 4. e4 d6 5. h3 O-O 6.
Be3 e5 7. Bc4 Nc6 8. O-O Na5 9. Be2 Qe7 10. d5 b6 11. Qd2 Ne8 12. Nh2 f5 13. f3 f4 14. Bf2 g5 15. Rac1 h5 16. Nb1 Nf6 17. Qd3 Nb7 18.
b4 Bh6 19. Nd2 Kh7 20. c4 Rg8 21. c5 g4 22. fxg4 hxg4 23. hxg4 Nxg4 24. cxb6 cxb6 25. Qc3 Nxh2 26. Kxh2 f3 27. Bxf3 Bf4+ 28. Kg1 Qg5 29. Rfd1 Bh3 30. Kf1 Bxg2+ 31. Bxg2 Qxg2+ 32. Ke2 Bxd2 33. Qxd2 Qxe4+ 34. Qe3 Qxe3+ 35. Bxe3 Rg7 36. Rh1+ Kg8 37. Bh6 Rg6 38.
Rhg1 Kh7 39. Rc7+ Kxh6 40. Rxg6+ Kxg6 41. Rxb7 Kf5 42. Ke3 e4 43. Re7 Rc8 44. Kd4 b5 45. Rf7+ Kg4 46. Kxe4 Rc4+ 47. Kd3 Rxb4 48. Rxa7 Kf5 49. Re7 Ra4 50. Re2 Kf4 51. Kc3 Rc4+ 52. Kd3 Ra4 53. Kc3 Rc4+ 54. Kd3 1/2-1/2

[Event "Wch u20 girls"]
[Site "Kocaeli"]
[Date "2013.09.22"]
[Round "9.27"]
[White "Assaubayeva, Bibissara"]
[Black "Anjana Krishna, S."]
[Result "1-0"]
[ECO "B01"]
[WhiteElo "1761"]
[BlackElo "1881"]
[PlyCount "111"]
[EventDate "2013.09.??"]
[EventType "swiss"]
[EventRounds "13"]
[EventCountry "TUR"]
[Source "CBase R.Goldau"]
[SourceDate "2000.03.01"]
[TimeControl "40/5400+30:1800+30"]

1. e4 d5 2. exd5 Qxd5 3. Nc3 Qd6 4. d4 c6 5. Nf3 Nf6 6. Be2 Bf5 7. O-O Nbd7 8.
Re1 e6 9. a4 a5 10. Bg5 Qc7 11. h3 h6 12. Bxf6 Nxf6 13. Ne5 Bd6 14. Bd3 Bxd3 15. Qxd3 O-O 16. Qe2 Rad8 17. Rad1 Bb4 18. Rd3 Bxc3 19. bxc3 Qe7 20. Rb1 Rb8 21. Nc4 Qd8 22. Qe5 b6 23. Rg3 Kh8 24. Nd6 Qd7 25.
Ne4 Qe7 26. c4 Rg8 27. Nxf6 Qxf6 28. Qxf6 gxf6 29. Rgb3 Rbd8 30.
Rxb6 Rxd4 31. Rxc6 Rd2 32. Rc1 Rg5 33. c5 Rf5 34. f3 Kg7 35.
Rd6 Re2 36. Kf1 Re3 37. Rd3 Ree5 38. Rc3 Rxc5 39. Rxc5 Rxc5 40.
c4 Kf8 41. Ke2 Ke7 42. Kd3 Rg5 43. Rc2 Kd6 44. Rb2 Kc6 45. g4 Rg8 46. Rb5 Rg5 47. Kd4 e5+ 48. Ke4 f5+ 49. gxf5 f6 50. Rxa5 Rh5 51. Ra6+ Kc5 52. Rxf6 Rxh3 53. Kxe5 Rh1 54. Rg6 h5 55. f6 Rf1 56. f4 1-0

[Event "Wch u20 girls"]
[Site "Kocaeli"]
[Date "2013.09.22"]
[Round "9.28"]
[White "Arig, Busra"]
[Black "Firat, Deniz"]
[Result "1/2-1/2"]
[ECO "C42"]
[WhiteElo "1788"]
[BlackElo "1664"]
[PlyCount "66"]
[EventDate "2013.09.??"]
[EventType "swiss"]
[EventRounds "13"]
[EventCountry "TUR"]
[Source "CBase R.Goldau"]
[SourceDate "2000.03.01"]
[TimeControl "40/5400+30:1800+30"]

1. e4 e5 2. Nf3 Nf6 3. Nxe5 d6 4. Nf3 Nxe4 5. Qe2 Qe7 6. d3 Nf6 7. Bg5 Qxe2+ 8.
Bxe2 Be7 9. Nc3 c6 10. O-O-O Na6 11. Ne4 Nxe4 12. dxe4 Nc5 13. Bxe7 Kxe7 14. e5 dxe5 15. Nxe5 Be6 16. Bc4 Rhd8 17. Bxe6 Rxd1+ 18. Rxd1 Nxe6 19. g3 Rd8 20. Rxd8 Nxd8 21. Kd2 f6 22. Nc4 b6 23. Kd3 Nb7 24. a3 Nd6 25. Ne3 Ke6 26. f3 g6 27. b3 h5 28. c4 Nf5 29. Nc2 c5 30. Ke4 Nd6+ 31. Kd3 Nf5 32. Ke4 Nd6+ 33. Kd3 Nf5 1/2-1/2

[Event "Wch u20 girls"]
[Site "Kocaeli"]
[Date "2013.09.22"]
[Round "9.30"]
[White "Urbonaviciute, Zivile"]
[Black "Racki, Barbara"]
[Result "1-0"]
[ECO "C45"]
[WhiteElo "1826"]
[BlackElo "1946"]
[PlyCount "67"]
[EventDate "2013.09.??"]
[EventType "swiss"]
[EventRounds "13"]
[EventCountry "TUR"]
[Source "CBase R.Goldau"]
[SourceDate "2000.03.01"]
[TimeControl "40/5400+30:1800+30"]

1. e4 e5 2. Nf3 Nc6 3. d4 exd4 4. Nxd4 Bc5 5. Nb3 Bb6 6. Nc3 Qf6 7. Qe2 Nge7 8. Be3 O-O 9. O-O-O d6 10. Kb1 Ne5 11. f4 Nc4 12. Bd4 Bxd4 13.
Nxd4 Nb6 14. f5 Bd7 15. h4 Nc6 16. Qf2 Rfe8 17. g4 Nxd4 18. Rxd4 Bc6 19. g5 Qe5 20. f6 d5 21. Bd3 dxe4 22. Bxe4 Bxe4 23. Rxe4 Qd6 24. Rf1 g6 25. h5 Re5 26. hxg6 fxg6 27. f7+ Kf8 28. Qh4 Rf5 29. Qh6+ Kxf7 30. Qxh7+ Kf8 31. Rxf5+ gxf5 32. Qxf5+ Kg8 33.
Re6 Qd4 34. Rg6+ 1-0

[Event "Wch u20 girls"]
[Site "Kocaeli"]
[Date "2013.09.23"]
[Round "10.1"]
[White "Goryachkina, Aleksandra"]
[Black "Bulmaga, Irina"]
[Result "1/2-1/2"]
[ECO "A64"]
[WhiteElo "2418"]
[BlackElo "2387"]
[PlyCount "120"]
[EventDate "2013.09.??"]
[EventType "swiss"]
[EventRounds "13"]
[EventCountry "TUR"]
[Source "CBase R.Goldau"]
[SourceDate "2000.03.01"]
[TimeControl "40/5400+30:1800+30"]

1. d4 Nf6 2. c4 e6 3. Nf3 c5 4. d5 exd5 5. cxd5 d6 6. Nc3 g6 7. g3 Bg7 8. Bg2 O-O 9. O-O Re8 10. Nd2 Nbd7 11. h3 a6 12. a4 b6 13. e4 Rb8 14. Nc4 Qc7 15.
Bf4 Bf8 16. Qc2 b5 17. axb5 axb5 18. Na5 b4 19. Ne2 Ba6 20. Nc6 Bxe2 21. Qxe2 Nxd5 22. Nxb8 Nxf4 23. gxf4 Nxb8 24. Qb5 Nc6 25. e5 Rc8 26. Qxc6 Qxc6 27. Bxc6 Rxc6 28. Ra8 Kg7 29. Rfa1 dxe5 30. fxe5 c4 31. R8a6 Rc5 32. R6a5 Rc6 33. Kf1 Bc5 34. Rb5 c3 35. bxc3 bxc3 36. Rc1 Ba3 37. Rc2 Bb2 38. Ke2 Rc4 39. Rd5 Re4+ 40. Kf3 Rh4 41. Kg3 Re4 42. f4 Re3+ 43. Kg2 h5 44. h4 Re4 45. Kf3 Re1 46. Rc5 Rh1 47.
Kg3 Rg1+ 48. Rg2 Rf1 49. Rf2 Rg1+ 50. Kh2 Rg4 51. f5 Rxh4+ 52.
Kg3 Rg4+ 53. Kh3 gxf5 54. Rxf5 Kg6 55. Rf6+ Kg7 56. Rc7 c2 57.
Rfxf7+ Kh6 58. Rc6+ Kg5 59. Rxc2 Bxe5 60. Rg2 Rxg2 1/2-1/2

[Event "Wch u20 girls"]
[Site "Kocaeli"]
[Date "2013.09.23"]
[Round "10.2"]
[White "Kashlinskaya, Alina"]
[Black "Arabidze, Meri"]
[Result "1/2-1/2"]
[ECO "A38"]
[WhiteElo "2434"]
[BlackElo "2379"]
[PlyCount "157"]
[EventDate "2013.09.??"]
[EventType "swiss"]
[EventRounds "13"]
[EventCountry "TUR"]
[Source "CBase R.Goldau"]
[SourceDate "2000.03.01"]
[TimeControl "40/5400+30:1800+30"]

1. Nf3 c5 2. g3 g6 3. Bg2 Bg7 4. O-O Nc6 5. c4 d6 6. Nc3 Nf6 7. d4 cxd4 8.
Nxd4 Bd7 9. Nc2 O-O 10. b3 Qc8 11. Bd2 Bh3 12. Rc1 h5 13. Nd5 Bxg2 14. Kxg2 h4 15. Bg5 h3+ 16. Kg1 Qf5 17. Bxf6 Bxf6 18. Nce3 Qg5 19. f4 Qh5 20. Nxf6+ exf6 21. Nd5 Kg7 22. e4 Qxd1 23. Rcxd1 a6 24. Rd2 Rae8 25. Nc3 f5 26. exf5 gxf5 27. Kf2 Re6 28. Rfd1 Rfe8 29. Rxd6 Re3 30. R6d3 R3e6 31. R3d2 Ne7 32. Re2 Rxe2+ 33.
Nxe2 Ng8 34. Nd4 Nh6 35. Rd2 Ng4+ 36. Kf1 Kf6 37. Nf3 Ne3+ 38.
Kg1 Ng4 39. Kf1 Ne3+ 40. Kg1 Ng4 41. Rd6+ Kg7 42. Ne5 Nxe5 43.
fxe5 Rxe5 44. Kf2 Re7 45. a3 Rc7 46. Rd4 b5 47. Ke3 bxc4 48.
bxc4 Rc5 49. Rh4 Ra5 50. Kd4 Rxa3 51. c5 Ra2 52. Rxh3 a5 53. c6 Rc2 54. Kd5 a4 55. Rh4 a3 56. Ra4 a2 57. h4 Kg6 58. Kd6 Rd2+ 59. Ke7 Rc2 60.
Kd7 Rd2+ 61. Kc8 Kh5 62. c7 f4 63. gxf4 Kxh4 64. Kb7 Rb2+ 65. Kc6 Rc2+ 66. Kd6 Rd2+ 67. Ke5 Rc2 68. Rxa2 Rxc7 69. Rg2 Kh5 70. Kf6 Rb7 71. f5 Ra7 72. Kg7 f6+ 73. Kxf6 Ra6+ 74. Kg7 Ra7+ 75. Kg8 Ra8+ 76. Kh7 Rf8 77. Rf2 Kg5 78. Rg2+ Kh5 79. Rf2 1/2-1/2

[Event "Wch u20 girls"]
[Site "Kocaeli"]
[Date "2013.09.23"]
[Round "10.3"]
[White "Padmini, Rout"]
[Black "Cori T, Deysi"]
[Result "0-1"]
[ECO "B49"]
[WhiteElo "2312"]
[BlackElo "2433"]
[PlyCount "60"]
[EventDate "2013.09.??"]
[EventType "swiss"]
[EventRounds "13"]
[EventCountry "TUR"]
[Source "CBase R.Goldau"]
[SourceDate "2000.03.01"]
[TimeControl "40/5400+30:1800+30"]

1. e4 c5 2. Nf3 Nc6 3. d4 cxd4 4. Nxd4 e6 5. Nc3 Qc7 6. Be2 a6 7. O-O Nf6 8.
Be3 Bb4 9. Na4 Be7 10. c4 O-O 11. c5 Nxe4 12. Rc1 f5 13. g3 Bg5 14. Bxg5 Nxg5 15. f4 Nf7 16. Bf3 Rb8 17. a3 Rd8 18. b4 d5 19. Nb6 e5 20. fxe5 Qxe5 21. Nc2 Be6 22. Re1 Qf6 23. Bxd5 Nfe5 24. Bxe6+ Qxe6 25. Qe2 f4 26. Rf1 f3 27. Qe3 Rd3 28. Qe1 Rbd8 29. Rf2 Qh6 30.
Rb1 Ng4 0-1

[Event "Wch u20 girls"]
[Site "Kocaeli"]
[Date "2013.09.23"]
[Round "10.4"]
[White "Rodriguez Rueda, Paula Andrea"]
[Black "Saduakassova, Dinara"]
[Result "1/2-1/2"]
[ECO "D38"]
[WhiteElo "2225"]
[BlackElo "2326"]
[PlyCount "68"]
[EventDate "2013.09.??"]
[EventType "swiss"]
[EventRounds "13"]
[EventCountry "TUR"]
[Source "CBase R.Goldau"]
[SourceDate "2000.03.01"]
[TimeControl "40/5400+30:1800+30"]

1. d4 Nf6 2. c4 e6 3. Nf3 d5 4. Nc3 Bb4 5. Qa4+ Nc6 6. e3 O-O 7. Bd3 a6 8. O-O Qe7 9. Qc2 dxc4 10. Bxc4 e5 11. Nd5 Nxd5 12. Bxd5 exd4 13. exd4 h6 14. Bxc6 bxc6 15. Ne5 Bd6 16. Qxc6 Rb8 17. Qc3 Qf6 18. b3 Rb5 19. Bb2 Bb7 20. f4 Qf5 21. a4 Rb6 22. Rf2 Re8 23. Rd1 Bd5 24. Nc4 Bb4 25.
Qc2 Qxc2 26. Rxc2 Rbe6 27. Kf2 Bd6 28. Bc1 Rb8 29. Rc3 Be7 30.
Be3 Bb4 31. Rcc1 Bf8 32. Rc3 Bb4 33. Rcc1 Bf8 34. Rc3 Bb4 1/2-1/2

[Event "Wch u20 girls"]
[Site "Kocaeli"]
[Date "2013.09.23"]
[Round "10.5"]
[White "Stetsko, Lanita"]
[Black "Medina, Warda Aulia"]
[Result "0-1"]
[ECO "C02"]
[WhiteElo "2213"]
[BlackElo "2301"]
[PlyCount "46"]
[EventDate "2013.09.??"]
[EventType "swiss"]
[EventRounds "13"]
[EventCountry "TUR"]
[Source "CBase R.Goldau"]
[SourceDate "2000.03.01"]
[TimeControl "40/5400+30:1800+30"]

1. e4 e6 2. d4 d5 3. e5 c5 4. c3 Nc6 5. Nf3 Bd7 6. a3 f6 7. Bd3 Qc7 8. Qe2 cxd4 9. cxd4 Nxd4 10. Qd1 Nxf3+ 11. gxf3 Qxe5+ 12. Kf1 Qh5 13.
Nc3 a6 14. Bf4 Ne7 15. Na4 Nc8 16. Rg1 e5 17. Bd2 e4 18. Qe2 Qxh2 19. Qe3 Qh3+ 20. Ke1 Bxa4 21. Bxe4 Qe6 22. Rg4 Bc6 23. Rc1 Kf7 0-1

[Event "Wch u20 girls"]
[Site "Kocaeli"]
[Date "2013.09.23"]
[Round "10.6"]
[White "Qiu, Mengjie"]
[Black "Abdumalik, Zhansaya"]
[Result "0-1"]
[ECO "B33"]
[WhiteElo "2091"]
[BlackElo "2277"]
[PlyCount "82"]
[EventDate "2013.09.??"]
[EventType "swiss"]
[EventRounds "13"]
[EventCountry "TUR"]
[Source "CBase R.Goldau"]
[SourceDate "2000.03.01"]
[TimeControl "40/5400+30:1800+30"]

1. e4 c5 2. Nf3 a6 3. d4 cxd4 4. Nxd4 Nf6 5. Nc3 e5 6. Nb3 Bb4 7. Bd3 Nc6 8.
O-O Bxc3 9. bxc3 O-O 10. f4 d5 11. exd5 Bg4 12. Qe1 Qxd5 13. c4 Qd6 14. fxe5 Qxe5 15. Qh4 Qh5 16. Qg3 Nd7 17. Bb2 Nde5 18. h3 Bc8 19. Nd4 Nxd3 20. cxd3 Nxd4 21. Bxd4 Qg6 22. Qxg6 hxg6 23. Bc5 Rd8 24. d4 Bf5 25. Rad1 Rac8 26. Rfe1 Rd7 27. Rc1 Rc6 28. Ba7 Bd3 29. c5 Rxd4 30. Re8+ Kh7 31. Re7 Bc4 32. a3 Bd5 33. Rc2 Rf6 34. Kh2 Rd1 35. Rd7 Rff1 36. Bb8 Kh6 37. Kg3 Rd3+ 38. Kh2 Rdd1 39. Kg3 g5 40. Be5 f6 41. Bc3 f5 0-1

[Event "Wch u20 girls"]
[Site "Kocaeli"]
[Date "2013.09.23"]
[Round "10.7"]
[White "Ibrahimova, Sabina"]
[Black "Hejazipour, Mitra"]
[Result "1/2-1/2"]
[ECO "B90"]
[WhiteElo "2202"]
[BlackElo "2256"]
[PlyCount "82"]
[EventDate "2013.09.??"]
[EventType "swiss"]
[EventRounds "13"]
[EventCountry "TUR"]
[Source "CBase R.Goldau"]
[SourceDate "2000.03.01"]
[TimeControl "40/5400+30:1800+30"]

1. e4 c5 2. Nf3 d6 3. d4 cxd4 4. Nxd4 Nf6 5. Nc3 a6 6. h3 e5 7. Nde2 h5 8.
Bg5 Be6 9. Bxf6 Qxf6 10. Nd5 Qd8 11. Nec3 g6 12. Bc4 Nc6 13. Ne3 Bh6 14. Ncd5 b5 15. Be2 O-O 16. c3 Rb8 17. O-O Ne7 18. Bf3 Kg7 19. Qd3 Nxd5 20. Nxd5 Qd7 21. Rad1 Rfd8 22. Be2 h4 23. Ra1 Qb7 24. Rfd1 Rbc8 25. Bg4 Rc5 26. b4 Rc4 27. a4 f5 28. Bf3 Kf7 29. axb5 axb5 30. Ra5 Bxd5 31. Qxd5+ Qxd5 32. Rxd5 fxe4 33. Be2 Rxc3 34. Raxb5 Rc1+ 35. Rd1 Rxd1+ 36. Bxd1 d5 37. Bb3 Ke6 38. Kf1 e3 39. f3 Bf4 40. Ke2 Rd6 41. Kd3 g5 1/2-1/2

[Event "Wch u20 girls"]
[Site "Kocaeli"]
[Date "2013.09.23"]
[Round "10.8"]
[White "Khademalsharieh, Sarasadat"]
[Black "Sihite, Chelsie Monica"]
[Result "1-0"]
[ECO "A13"]
[WhiteElo "2303"]
[BlackElo "2282"]
[PlyCount "81"]
[EventDate "2013.09.??"]
[EventType "swiss"]
[EventRounds "13"]
[EventCountry "TUR"]
[Source "CBase R.Goldau"]
[SourceDate "2000.03.01"]
[TimeControl "40/5400+30:1800+30"]

1. Nf3 Nf6 2. c4 e6 3. g3 d5 4. Bg2 dxc4 5. Qa4+ Bd7 6. Qxc4 Bc6 7. O-O a6 8. Qc2 Be7 9. Nc3 b5 10. d4 b4 11. Na4 Be4 12. Qb3 Nc6 13.
Bf4 Nd5 14. Rac1 Na5 15. Qd1 Nxf4 16. gxf4 b3 17. Nc5 Bd5 18. axb3 Bxc5 19. Rxc5 c6 20. e4 Bxb3 21. Qa1 Nc4 22. Rc1 Nd6 23. Nd2 Rb8 24. R5c3 Nb5 25. Rxb3 Nxd4 26. Re3 O-O 27. Qa3 Qf6 28. Qc3 Rfd8 29. Nf3 Rb3 30. Qe1 Rxb2 31. Nxd4 Rxd4 32. Rxc6 h6 33. f5 Rdd2 34. Rc8+ Kh7 35. e5 Qg5 36. Rg3 Qf4 37. fxe6 Re2 38. Qf1 Rxf2 39. Qd3+ g6 40. exf7 Qxf7 41. Be4 1-0

[Event "Wch u20 girls"]
[Site "Kocaeli"]
[Date "2013.09.23"]
[Round "10.9"]
[White "Pavlidou, Ekaterini"]
[Black "Enkhtuul, Altanulzii"]
[Result "1/2-1/2"]
[ECO "A22"]
[WhiteElo "2216"]
[BlackElo "2202"]
[PlyCount "105"]
[EventDate "2013.09.??"]
[EventType "swiss"]
[EventRounds "13"]
[EventCountry "TUR"]
[Source "CBase R.Goldau"]
[SourceDate "2000.03.01"]
[TimeControl "40/5400+30:1800+30"]

1. c4 e5 2. Nc3 Nf6 3. g3 Bb4 4. Bg2 O-O 5. Nf3 Re8 6. O-O h6 7. a3 Bxc3 8. dxc3 d6 9. Re1 Nc6 10. Nd2 Be6 11. e4 a5 12. a4 Nd7 13. b3 Kh8 14. Nf1 f5 15. exf5 Bxf5 16. g4 Bh7 17. g5 hxg5 18. Qh5 Nf6 19. Qxg5 e4 20. Bf4 Ne5 21. Nd2 Qd7 22. Re3 Qf5 23. Qxf5 Bxf5 24. h3 Re6 25. Bg5 Nh7 26. h4 Rae8 27. Bh3 Bxh3 28. Rxh3 Ng4 29. Re1 Nxg5 30. hxg5+ Kg8 31. Rg3 e3 32. fxe3 Nxe3 33. g6 Nf5 34. Rxe6 Rxe6 35. Rg5 Ne7 36. Rxa5 Rxg6+ 37. Kf2 Rf6+ 38. Ke2 Nc6 39. Ra8+ Kh7 40. Rc8 Rf7 41. Nf3 Kg6 42. b4 Kf5 43. a5 Re7+ 44. Kd3 Kg4 45.
Nh2+ Kg5 46. Nf3+ Kg4 47. Nh2+ Kg5 48. Nf3+ Kf4 49. Rf8+ Kg3 50. Nd2 Ne5+ 51. Kc2 Nc6 52. Kd3 Ne5+ 53. Kc2 1/2-1/2

[Event "Wch u20 girls"]
[Site "Kocaeli"]
[Date "2013.09.23"]
[Round "10.10"]
[White "Fronda, Jan Jodilyn"]
[Black "Martinez, Ayelen"]
[Result "1-0"]
[ECO "B22"]
[WhiteElo "2038"]
[BlackElo "2101"]
[PlyCount "59"]
[EventDate "2013.09.??"]
[EventType "swiss"]
[EventRounds "13"]
[EventCountry "TUR"]
[Source "CBase R.Goldau"]
[SourceDate "2000.03.01"]
[TimeControl "40/5400+30:1800+30"]

1. e4 c5 2. Nf3 e6 3. c3 Nf6 4. e5 Nd5 5. d4 cxd4 6. Qxd4 Nc6 7. Qe4 f5 8.
exf6 Nxf6 9. Qc2 d5 10. Be2 Bc5 11. Bg5 O-O 12. O-O e5 13. b4 Bd6 14. b5 Ne7 15. Nbd2 Bg4 16. h3 Bh5 17. c4 Kh8 18. Qb3 Ne4 19. g4 Nxg5 20.
Nxg5 Nf5 21. Ne6 Qf6 22. cxd5 Rf7 23. Ne4 Qh4 24. Nxd6 Nxd6 25.
gxh5 Ne4 26. Qe3 Rg8 27. Bg4 g6 28. Qxe4 gxh5 29. Qxe5+ Rf6 30. Qg3 1-0

[Event "Wch u20 girls"]
[Site "Kocaeli"]
[Date "2013.09.23"]
[Round "10.11"]
[White "Wang, Jue"]
[Black "Miladinovic, Lena"]
[Result "1-0"]
[ECO "B83"]
[WhiteElo "2392"]
[BlackElo "2080"]
[PlyCount "83"]
[EventDate "2013.09.??"]
[EventType "swiss"]
[EventRounds "13"]
[EventCountry "TUR"]
[Source "CBase R.Goldau"]
[SourceDate "2000.03.01"]
[TimeControl "40/5400+30:1800+30"]

1. e4 c5 2. Nf3 e6 3. d4 cxd4 4. Nxd4 Nc6 5. Nc3 Qc7 6. Be2 Nf6 7. Be3 Be7 8. f4 d6 9. Qd2 a6 10. O-O-O Nd7 11. f5 Nde5 12. fxe6 fxe6 13. Nxc6 bxc6 14. Bh5+ g6 15. Be2 Nf7 16. Rhf1 Bd7 17. g4 a5 18.
g5 Nd8 19. h4 e5 20. Bc4 Be6 21. Bxe6 Nxe6 22. Qe2 Rb8 23. Qc4 Kd7 24. a3 Qb7 25. b3 Rhf8 26. Rxf8 Bxf8 27. Rf1 Be7 28. Rf7 Rh8 29. Na4 Nd8 30. Rg7 Ke8 31. Rg8+ Rxg8 32. Qxg8+ Bf8 33. Bb6 Qe7 34. Bxd8 Kxd8 35. Nb6 Kc7 36. Nc4 Kd7 37. a4 Ke8 38. Nxa5 d5 39. Nxc6 Qa3+ 40. Kb1 Qc5 41. Qe6+ Be7 42. exd5 1-0

[Event "Wch u20 girls"]
[Site "Kocaeli"]
[Date "2013.09.23"]
[Round "10.12"]
[White "Styazhkina, Anna"]
[Black "Petrova, Irina"]
[Result "1-0"]
[ECO "B07"]
[WhiteElo "2244"]
[BlackElo "2117"]
[PlyCount "105"]
[EventDate "2013.09.??"]
[EventType "swiss"]
[EventRounds "13"]
[EventCountry "TUR"]
[Source "CBase R.Goldau"]
[SourceDate "2000.03.01"]
[TimeControl "40/5400+30:1800+30"]

1. e4 d6 2. d4 Nf6 3. Nc3 g6 4. Be3 c6 5. f3 b5 6. g4 h5 7. g5 Nfd7 8. h4 Nb6 9. Bd3 N8d7 10. f4 b4 11. Nce2 c5 12. dxc5 dxc5 13. Ng3 Bg7 14. e5 Bb7 15.
Nf3 Nd5 16. Bd2 Qb6 17. Qe2 e6 18. Ne4 Bf8 19. Rf1 Be7 20. Bc1 Qc7 21. b3 Rc8 22. Nfd2 N7b6 23. Bb2 Kf8 24. Nd6 Rd8 25. Nxb7 Qxb7 26. Ne4 Rg8 27. O-O-O c4 28. Bxc4 Nxc4 29. bxc4 Qa6 30. Rf3 Rc8 31. Nd6 Rc6 32. Qd3 Nc3 33. Bxc3 bxc3 34. Qxc3 Qxa2 35. Qb2 Qxb2+ 36. Kxb2 Bxd6 37. exd6 Rxc4 38. Rc3 Rxc3 39. Kxc3 Ke8 40. Kb4 Kd7 41. c4 Kc6 42. c5 Rb8+ 43. Kc4 a5 44. d7 Rd8 45. Rd6+ Kc7 46. Kb5 Rb8+ 47. Kxa5 Rd8 48. Kb5 Rb8+ 49. Rb6 Ra8 50. c6 Kd8 51. Rb7 Ke7 52.
Kb6 Rf8 53. Kc7 1-0

[Event "Wch u20 girls"]
[Site "Kocaeli"]
[Date "2013.09.23"]
[Round "10.13"]
[White "Imeeva, Aisa"]
[Black "Nguyen, Thi Mai Hung"]
[Result "0-1"]
[ECO "B74"]
[WhiteElo "2067"]
[BlackElo "2222"]
[PlyCount "74"]
[EventDate "2013.09.??"]
[EventType "swiss"]
[EventRounds "13"]
[EventCountry "TUR"]
[Source "CBase R.Goldau"]
[SourceDate "2000.03.01"]
[TimeControl "40/5400+30:1800+30"]

1. e4 c5 2. Nf3 Nc6 3. d4 cxd4 4. Nxd4 g6 5. Nc3 Bg7 6. Nb3 Nf6 7. Be2 O-O 8.
O-O d6 9. Be3 Be6 10. f4 Qc8 11. h3 Rd8 12. Qe1 d5 13. exd5 Nxd5 14. Nxd5 Bxd5 15. c3 b6 16. Qg3 Qe6 17. Bg4 f5 18. Bd1 Rac8 19. Re1 Qf7 20. Nd2 e5 21. Bb3 e4 22. Qf2 Na5 23. Bxd5 Rxd5 24. Nb3 Nxb3 25. axb3 Rcd8 26. b4 Rd3 27. Qc2 R8d7 28. Qa4 Bf6 29. g3 Kg7 30.
Kf2 Qc4 31. Qa2 Qc6 32. Qa4 Qc4 33. Qc2 Bd4 34. Bxd4+ R7xd4 35.
Rad1 e3+ 36. Kg1 Rd2 37. Qa4 Qd5 0-1

[Event "Wch u20 girls"]
[Site "Kocaeli"]
[Date "2013.09.23"]
[Round "10.14"]
[White "Gevorgyan, Maria"]
[Black "Vo, Thi Kim Phung"]
[Result "1-0"]
[ECO "B42"]
[WhiteElo "2143"]
[BlackElo "2219"]
[PlyCount "111"]
[EventDate "2013.09.??"]
[EventType "swiss"]
[EventRounds "13"]
[EventCountry "TUR"]
[Source "CBase R.Goldau"]
[SourceDate "2000.03.01"]
[TimeControl "40/5400+30:1800+30"]

1. e4 c5 2. Nf3 e6 3. d4 cxd4 4. Nxd4 a6 5. Bd3 Qc7 6. Qe2 d6 7. c4 b5 8. O-O bxc4 9. Bxc4 Nf6 10. Nc3 Be7 11. Be3 O-O 12. Rac1 Qb7 13. f3 Nbd7 14. g4 h6 15. h4 Ne5 16. Bb3 Re8 17. g5 hxg5 18. hxg5 Nh5 19. Kh2 Ng6 20. f4 Nhxf4 21. Rxf4 Nxf4 22. Bxf4 g6 23. Qf3 Bf8 24. Rf1 Bg7 25.
Nc2 Qe7 26. Ne3 Ra7 27. Ng4 Rc7 28. Be3 Bxc3 29. bxc3 Kg7 30. e5 Rh8+ 31. Kg1 Bb7 32. Qf6+ Qxf6 33. gxf6+ Kh7 34. exd6 Rxc3 35. Kf2 Rd8 36. Rd1 g5 37. d7 Bc6 38. Ne5 Bxd7 39. Rxd7 Rxd7 40. Nxd7 Kg6 41. Nc5 a5 42. a4 g4 43. Ke2 e5 44. Kd2 Rxb3 45. Nxb3 Kxf6 46. Nxa5 Ke6 47. Nb7 Kd7 48. a5 Kc7 49. a6 Kb8 50. Nd8 f5 51. a7+ Ka8 52.
Ne6 f4 53. Nc7+ Kb7 54. a8=Q+ Kxc7 55. Bxf4 exf4 56. Qe4 1-0

[Event "Wch u20 girls"]
[Site "Kocaeli"]
[Date "2013.09.23"]
[Round "10.15"]
[White "Kurbonboeva, Sarvinoz"]
[Black "Rakhmangulova, Anastasiya"]
[Result "1-0"]
[ECO "A58"]
[WhiteElo "2120"]
[BlackElo "2194"]
[PlyCount "91"]
[EventDate "2013.09.??"]
[EventType "swiss"]
[EventRounds "13"]
[EventCountry "TUR"]
[Source "CBase R.Goldau"]
[SourceDate "2000.03.01"]
[TimeControl "40/5400+30:1800+30"]

1. d4 Nf6 2. c4 c5 3. d5 b5 4. cxb5 a6 5. bxa6 d6 6. Nc3 Bxa6 7. g3 g6 8. Bg2 Bg7 9. Nf3 O-O 10. O-O Nbd7 11. Rb1 Qa5 12. Bd2 Rfb8 13. Qc2 Nb6 14. b3 Qa3 15. Bc1 Qa5 16. Bd2 Qa3 17. Bc1 Qa5 18. Rd1 Bb7 19. Nh4 Nfd7 20. Bd2 Qa3 21. Bc1 Qa5 22. Bd2 c4 23. Na4 Qa6 24. Nxb6 Nxb6 25. Be3 Nd7 26. bxc4 Qxa2 27. Qxa2 Rxa2 28. c5 Nxc5 29. Bxc5 dxc5 30. d6 exd6 31. Rxb7 Rxb7 32. Bxb7 Rxe2 33. Nf3 Rb2 34. Bd5 h6 35.
Nd2 Bd4 36. Ne4 Rb6 37. Nd2 Kg7 38. Nc4 Ra6 39. Rd2 Kf6 40. Re2 h5 41. Bb7 Ra7 42. Nxd6 g5 43. Ne8+ Kg6 44. Be4+ f5 45. Bd3 g4 46. Nd6 1-0